 Dungeon Crawl Stone Soup version 0.15.0-34-g666c3a1 (webtiles) character file.

149 MackTheKnife the Ruinous (level 5, 0/57 HPs)
             Began as a Draconian Conjurer on Sept 15, 2014.
             Killed from afar by an orc wizard (4 damage)
             ... with a magic dart
             ... on Level 5 of the Dungeon.
             The game lasted 00:06:54 (3251 turns).

MackTheKnife the Ruinous (Draconian Conjurer)       Turns: 3251, Time: 00:06:54

HP   0/57        AC 22     Str 11      XL: 5   Next:  9%
MP   4/11        EV  2     Int 16      God:
Gold 93          SH  0     Dex 11      Spells:  3 memorised,  4 levels left

rFire  . . .     SeeInvis .     l - +2 whip (drain)
rCold  . . .     Clarity  +     (armour unavailable)
rNeg   + + +     rCorr    .     (no shield)
rPois  +         rRot     .     (helmet restricted)
rElec  .         Spirit   .     (cloak currently unavailable)
SustAb .         Warding  .     j - melded +1 pair of gloves
rMut   .         NoTele   +     (boots currently unavailable)
Gourm  .                        a - amulet of clarity
MR     .....                    k - ring of wizardry
                                i - ring of teleport control

@: tree-form, slowed, very slow, not resistant to hostile enchantments,
unstealthy
A: unfitting armour, (cold-blooded), AC +5
a: Evoke Teleport Control


You were on level 5 of the Dungeon.
You were not hungry.
You were an animated tree.
You visited 1 branch of the dungeon, and saw 5 of its levels.

You collected 93 gold pieces.


Innate Abilities, Weirdness & Mutations

((Your plain brown scales are hard (AC +5).))
Your body does not fit into most forms of armour.
((Your cold-blooded metabolism reacts poorly to cold.))


   Skills:
 - Level 1.8 Dodging
 - Level 2.0 Stealth
 + Level 3.6 Spellcasting
 + Level 5.3 Conjurations


You had 4 spell levels left.
You knew the following spells:

 Your Spells              Type           Power        Failure   Level  Hunger
c - Iskenderun's Mystic   Conj           ###.....     9%          4    ####...
x - Searing Ray           Conj           ###...       1%          2    ##.....
z - Magic Dart            Conj           ###.         1%          1    None

Inventory:

Hand weapons
 l - a +2 whip of draining (weapon)
Armour
 j - a +1 pair of gloves (melded)
Comestibles
 b - 3 bread rations
 p - 2 meat rations
Scrolls
 e - 2 scrolls of remove curse
 o - a scroll of identify
 t - a scroll of magic mapping
Jewellery
 a - an amulet of clarity (around neck)
 i - a ring of teleport control (left branch)
 k - a ring of wizardry (right branch)
Potions
 g - a potion of flight
Books
 c - a book of Conjurations

   Spells                             Type                      Level
   *Magic Dart                        Conjuration                  1
   *Searing Ray                       Conjuration                  2
   Dazzling Spray                     Conjuration/Hexes            3
   Fulminant Prism                    Conjuration/Hexes            4
   *Iskenderun's Mystic Blast         Conjuration                  4
   Iskenderun's Battlesphere          Conjuration/Charms           5

◦◦◦◦◦◦◦◦░
░◦◦◦◦◦◦◦░·▒◦░░░◦◦░░◦◦
░░░░░░░░░
░░░░░░░░░·▒◦◦◦◦◦◦░░◦░ ░
▒▒▒▒▒▒▒▒▒·▒▒▒▒▒░◦◦◦◦◦
▒··············◦◦◦◦◦░
▒·······)···▒▒░░░░░░░
▒····)····£··▒◦◦◦◦░ ░
▒············▒·░░◦░░░
▒···o·£·········◦◦◦◦◦
▒···♣l······▒▒▒◦░◦░░░
▒▒▒▒·%····%·······◦░◦░
▒▒·····▒▒········▒▒░░◦░░░
▒···)··▒▒·····▒▒▒▒◦◦◦◦░◦◦
▒▒······▒▒·····▒◦◦◦◦◦◦░░◦░
▒·······▒▒·····▒◦◦◦◦◦◦░░◦░
▒▒▒·▒·····▒▒····▒▒◦◦◦◦◦◦░░◦◦
▒·····▒▒▒▒▒▒····▒░◦◦◦◦◦◦░░◦◦
▒·▒▒▒▒▒▒▒··'····▒░◦◦◦◦◦◦░░░◦


You could see an orc wizard and a giant gecko.


Message History

The orc wizard hits you with a dagger of venom.
* * * LOW HITPOINT WARNING * * *
The giant gecko bites you but does no damage.
The orc wizard hits you but does no damage.
The giant gecko bites you.
* * * LOW HITPOINT WARNING * * *
You closely miss the orc wizard.
The orc wizard is lightly wounded.
The orc wizard casts a spell at you. The magic dart hits you!
The giant gecko bites you but does no damage.
The orc wizard barely misses you.
The giant gecko bites you but does no damage.
Unknown command.
You hit the orc wizard. You drain the orc wizard!
The orc wizard is heavily wounded.
The orc wizard hits you but does no damage.
The giant gecko bites you but does no damage.
The orc wizard hits you but does no damage. x2
The giant gecko bites you but does no damage.
Unknown command.
You hit the orc wizard but do no damage.
The orc wizard is heavily wounded.
The orc wizard points at you and mumbles some strange words.
The magic dart hits you!
* * * LOW HITPOINT WARNING * * *
The giant gecko bites you but does no damage.
The orc wizard points at you and mumbles some strange words.
The magic dart hits you!
You die...

Action                   |  1- 3 |  4- 6 || total
-------------------------+-------+-------++-------
Melee: Unarmed           |    27 |       ||    27
       Dagger            |    34 |       ||    34
       Whip              |    58 |    72 ||   130
 Cast: Magic Dart        |    37 |     9 ||    46
       Searing Ray       |     1 |     2 ||     3
       Iskenderun's Myst |       |     7 ||     7
  Use: Scroll            |     5 |     5 ||    10
       Potion            |       |     9 ||     9
  Eat: Chunk             |     3 |     4 ||     7
       Bread ration      |       |     1 ||     1

Vault maps used:
D:1:      mrwooster_arrival_statue_2
D:2:      minmay_door_path, nemelex_spade_bored_becter, uniq_terence
D:3:      okawaru_gym_becter, zin_treasury
D:5:      first_bread, serial_shops, nicolae_shop_behind_doors, st_stairs_8

Notes
Turn   | Place    | Note
--------------------------------------------------------------
     0 | D:1      | MackTheKnife, the Draconian Conjurer, began the quest for the Orb.
     0 | D:1      | Reached XP level 1. HP: 14/14 MP: 3/3
   193 | D:1      | Reached skill level 2 in Stealth
   193 | D:1      | Reached XP level 2. HP: 12/20 MP: 2/4
   940 | D:1      | Reached XP level 3. HP: 24/26 MP: 6/6
  1050 | D:1      | Learned a level 2 spell: Searing Ray
  1756 | D:2      | Reached skill level 3 in Spellcasting
  1756 | D:2      | Reached XP level 4. HP: 33/33 MP: 2/9
  1828 | D:2      | Learned a level 4 spell: Iskenderun's Mystic Blast
  1902 | D:2      | Found a sparkling altar of Nemelex Xobeh.
  2146 | D:2      | Noticed Terence
  2167 | D:2      | Killed Terence
  2167 | D:2      | Reached skill level 5 in Conjurations
  2579 | D:3      | Found an iron altar of Okawaru.
  2750 | D:3      | Found a glowing silver altar of Zin.
  2990 | D:4      | Noticed Train's ghost (average KoAM)
  3011 | D:5      | Entered Level 5 of the Dungeon
  3237 | D:5      | Reached XP level 5. HP: 32/38 MP: 2/11
  3251 | D:5      | HP: 4/57 [orc wizard/magic dart (7)]
  3251 | D:5      | Killed from afar by an orc wizard

Vanquished Creatures
  An orc wizard (D:5)
  Terence (D:2)
  3 adders
  A giant mite (D:1)
  A giant gecko (D:2)
  2 orcs (D:5)
  11 bats
  9 giant cockroaches
  9 goblins
  8 hobgoblins
  2 quokkas
  A ball python (D:1)
  2 giant newts
  10 kobolds
  9 rats
70 creatures vanquished.
